Match 40953664
Unlisted

Match 40953664
End
Construct Weapon Support Center
Engineer Squad
M1919 Machine Gun Team
Selects Heavy Weapons
Bazooka Squad
M1919 Machine Gun Team
Engineer Squad
Mechanized Support Center
Construct Medical Station
Selects M2HB .50cal Heavy Machine Gun
Selects Assault Carriers
Construct Motor Pool
M3 Assault Carrier
Bazooka Squad
Improved M9 Bazooka Rockets
M8 Greyhound Armored Car
Engineer Squad
M1 Anti-tank Gun Team
M8 Greyhound Armored Car
【POW】游骑
Bego
CAuMOH
eliass0101
0
0

Comments sign in to comment!

No comments posted yet!